 Dungeon Crawl Stone Soup version 0.19.0-2-gae57169 (webtiles) character file.

203 Exaltedone87 the Shield-Bearer (level 5, -3/49 HPs)
             Began as a Deep Dwarf Fighter on Nov 7, 2016.
             Killed by divine providence
             ... invoked by an orc priest
              (12 damage)
             ... on level 3 of the Dungeon.
             The game lasted 00:05:02 (1293 turns).

Exaltedone87 the Shield-Bearer (Deep Dwarf Fighter) Turns: 1293, Time: 00:05:03

Health: -3/49      AC:  6    Str: 20      XL:     5   Next: 51%
Magic:  5/5        EV: 10    Int:  9      God:
Gold:   151        SH: 10    Dex: 11 (12) Spells: 0 memorised, 4 levels left

rFire  . . .     SeeInvis .     a - +0 flail
rCold  . . .     Gourm    .     j - +3 leather armour
rNeg   + . .     Faith    .     c - +1 shield
rPois  .         Spirit   .     (no helmet)
rElec  .         Reflect  .     (no cloak)
rCorr  .         Harm     .     (no gloves)
MR     .....                    (no boots)
Stlth  +.........               (no amulet)
                                (no ring)
                                m - ring of positive energy

@: non-regenerating
A: damage resistance, recharge devices, sense surroundings 1, slow regeneration
3
a: Device Recharging


You were on level 3 of the Dungeon.
You were not hungry.

You visited 1 branch of the dungeon, and saw 3 of its levels.

You collected 151 gold pieces.

Inventory:

Hand Weapons
 a - a +0 flail (weapon)
Armour
 b - a +0 scale mail
 c - a +1 shield (worn)
 j - a +3 leather armour (worn)
Jewellery
 m - a ring of positive energy (left hand)
 o - an uncursed amulet of harm {unknown}
Wands
 e - a wand of heal wounds (1/9)
Scrolls
 f - a scroll of fog
 g - a scroll of remove curse
 h - a scroll of teleportation {unknown}
 k - a scroll of enchant weapon {unknown}
 l - 3 scrolls of identify
 n - a scroll of blinking {unknown}
Potions
 d - a potion of might
 p - a potion of lignification {unknown}
Comestibles
 i - a meat ration


   Skills:
 + Level 3.1 Fighting
 + Level 3.5 Maces & Flails
 + Level 4.1 Armour
 + Level 1.9 Dodging
 + Level 0.3 Stealth
 + Level 4.5 Shields


You had 4 spell levels left.
You didn't know any spells.

Dungeon Overview and Level Annotations

Branches:
Dungeon (3/15)

Altars:
Ashenzari
Vehumet


Innate Abilities, Weirdness & Mutations

You are resistant to damage.
You can recharge devices by infusing magical energy.
You passively map a small area around you.
You do not regenerate.


Message History

The orc priest hits you with a club.
You hit the orc priest but do no damage.
The orc priest is heavily wounded.
The orc priest mumbles some strange prayers to Beogh against you.
Beogh smites you!
* * * LOW HITPOINT WARNING * * *
You hit the orc priest.
The orc priest is heavily wounded.
You block the orc priest's attack.
You barely miss the orc priest.
The orc priest is heavily wounded.
You block the orc priest's attack. x2
You hit the orc priest but do no damage.
The orc priest is heavily wounded.
The orc priest barely misses you.
Your shield prevents you from hitting the orc priest.
The orc priest is heavily wounded.
The orc priest invokes the aid of Beogh against you.
Beogh smites you!
You die...

####### #..@oo# ##### *
##.###.####...####### ,
.....)................
..####.o........#######
.. * #..g......## . ,
#.##.....## , , ##
#..#.## #..#.# * #..#.#


You could see an orc priest and an orc.

Vanquished Creatures
  A centaur (D:3)
  An orc priest (D:3)
  4 adders
  An ooze (D:1)
  A worm (D:2)
  3 dart slugs
  A leopard gecko (D:1)
  2 orcs (D:3)
  2 giant cockroaches (D:2)
  7 goblins
  2 hobgoblins (D:1)
  7 kobolds
  4 bats
  3 frilled lizards
  5 rats
44 creatures vanquished.

Notes
Turn   | Place    | Note
-------+----------+-------------------------------------------
     0 | D:1      | Exaltedone87 the Deep Dwarf Fighter began the quest for the Orb.
     0 | D:1      | Reached XP level 1. HP: 20/20 MP: 1/1
   136 | D:1      | Reached XP level 2. HP: 25/27 MP: 2/2
   644 | D:2      | Reached XP level 3. HP: 24/33 MP: 3/3
   722 | D:2      | Found a shattered altar of Ashenzari.
   825 | D:2      | Reached XP level 4. HP: 14/40 MP: 4/4
   980 | D:2      | Found a radiant altar of Vehumet.
  1084 | D:3      | Found a faded altar of an unknown god.
  1192 | D:3      | Noticed a centaur
  1207 | D:3      | Killed a centaur
  1207 | D:3      | Reached skill level 1 in Dodging
  1207 | D:3      | Reached XP level 5. HP: 22/49 MP: 5/5
  1261 | D:3      | HP: 1/49 [orc priest/divine providence (9)]
  1293 | D:3      | Killed from afar by an orc priest

Skill      XL: |  1  2  3  4 |
---------------+-------------+-----
Armour         | 4 |  4.1
Shields        | 4 |  4.5
Fighting       | 3 |  3.1
Maces & Flails | 3 |  3.5
Dodging        | 1 |  1.9
Stealth        | |  0.3

Action                   |  1- 3 |  4- 6 || total
-------------------------+-------+-------++-------
Melee: Flail             |   114 |    72 ||   186
Evoke: Wand              |       |     4 ||     4
  Use: Scroll            |     4 |     1 ||     5
       Potion            |     1 |       ||     1
  Eat: Bread ration      |       |     1 ||     1
Armor: Scale mail        |    15 |       ||    15
       Leather armour    |    41 |    12 ||    53
Dodge: Dodged            |    55 |    34 ||    89
Block: Shield            |    80 |    44 ||   124
